Map: Psionic Temple

Players

Tesla - Winner!

  • Race: Protoss Protoss

RADIXX

  • Race: Protoss Protoss

VOD

Have the link to the VOD?

Description

Time

  • Played on: Sept. 20, 2016, 10:54 a.m.
  • Length: 7:03
Show
View Real Time Build Order
Export as new Build Order

Tesla Protoss - Winner!

Build Orders:  

Get SALT Encoding   

  12  0:02  Probe (Chrono Boost)  
  13  0:12  Probe (Chrono Boost)  
  14  0:18  Pylon  
  14  0:23  Probe (Chrono Boost)  
  15  0:36  Probe (Chrono Boost)  
  15  0:40  Gateway  
  16  0:47  Probe (Chrono Boost)  
  16  0:49  Assimilator  
  17  0:57  Assimilator  
  17  1:01  Probe (Chrono Boost)  
  18  1:13  Probe (Chrono Boost)  
  19  1:21  Pylon  
  19  1:24  Probe (Chrono Boost)  
  19  1:25  Zealot  
  22  1:36  Probe (Chrono Boost)  
  24  1:48  Probe (Chrono Boost)  
  25  2:02  Probe (Chrono Boost)  
  25  2:14  Probe (Chrono Boost)  
  26  2:25  Cybernetics Core  
  26  2:27  Gateway  
  26  2:35  Nexus  
  26  2:41  Probe (Chrono Boost)  
  27  2:49  Gateway  
  27  2:53  Probe (Chrono Boost)  
  27  2:54  Zealot  
  30  3:35  Pylon  
  30  3:43  Probe (Chrono Boost)  
  30  3:45  Adept  
  30  3:47  Adept  
  30  3:48  Warp Gate, Pylon, Gateway  
  35  3:51  Probe (Chrono Boost)  
  36  3:57  Adept  
  38  4:07  Pylon  
  39  4:10  Adept  
  39  4:11  Probe (Chrono Boost)  
  39  4:12  Stalker  
  45  4:17  Mothership Core (Chrono Boost)  
  45  4:23  Probe (Chrono Boost)  
  46  4:29  Pylon  
  46  4:35  Probe (Chrono Boost)  
  46  4:37  Probe (Chrono Boost)  
  46  4:38  Forge  
  48  4:47  Probe (Chrono Boost)  
  48  4:49  Probe (Chrono Boost)  
  48  4:51  Stalker x2  
  54  4:53  Stalker  
  54  4:58  Stalker  
  54  4:59  Probe (Chrono Boost)  
  57  5:05  Probe (Chrono Boost)  
  60  5:11  Probe (Chrono Boost)  
  61  5:17  Probe (Chrono Boost)  
  61  5:18  Assimilator  
  62  5:21  Stalker x2  
  62  5:22  Assimilator  
  62  5:25  Pylon  
  66  5:32  Probe (Chrono Boost)  
  66  5:51  Pylon  
  66  5:54  Pylon  
  66  5:56  Pylon  
  66  5:59  Pylon  
  66  6:01  Stalker x2  
  66  6:02  Gateway  
  70  6:04  Gateway  
  72  6:11  Probe x2 (Chrono Boost)  
  72  6:16  Stalker  
  74  6:19  Stalker  
  74  6:23  Probe x2 (Chrono Boost)  
  78  6:25  Stalker  
  74  6:35  Probe x2 (Chrono Boost)  
  74  6:42  Stalker x3  
  74  6:52  Stalker  
Show
View Real Time Build Order
Export as new Build Order

RADIXX Protoss 

Build Orders:  

Get SALT Encoding   

  12  0:02  Probe (Chrono Boost)  
  13  0:12  Probe (Chrono Boost)  
  14  0:23  Probe (Chrono Boost)  
  14  0:25  Pylon  
  15  0:44  Forge  
  14  1:06  Gateway  
  14  1:08  Probe (Chrono Boost)  
  15  1:12  Assimilator  
  15  1:19  Probe (Chrono Boost)  
  16  1:38  Photon Cannon  
  16  1:46  Pylon  
  16  1:48  Pylon  
  16  2:05  Photon Cannon  
  16  2:10  Photon Cannon  
  16  2:15  Probe (Chrono Boost)  
  16  2:26  Probe (Chrono Boost)  
  17  2:41  Cybernetics Core  
  17  3:09  Pylon  
  17  3:10  Pylon  
  17  3:14  Pylon  
  17  3:16  Pylon  
  17  3:17  Pylon  
  17  3:20  Pylon  
  17  3:27  Pylon  
  17  3:35  Pylon  
  16  3:45  Mothership Core (Chrono Boost)  
  18  3:58  Assimilator  
  18  4:04  Probe (Chrono Boost)  
  19  4:14  Probe (Chrono Boost)  
  20  4:45  Twilight Council  
  20  4:53  Nexus  
  20  5:19  Pylon  
  20  5:20  Pylon  
  20  5:22  Gateway  
  20  5:26  Probe (Chrono Boost)  
  21  5:37  Probe (Chrono Boost)  
  22  5:44  Photon Cannon  
  22  5:58  Dark Shrine  
  23  6:18  Probe (Chrono Boost)  
  23  6:29  Probe (Chrono Boost)  
  24  6:39  Probe (Chrono Boost)  
  24  6:50  Probe (Chrono Boost)  
Tags
 
Add a new tag
Caveats
  • Supply blocks, unpowered buildings, or Contaminate may cause inaccurate times.
  • Supply counts are checked every 10 seconds.